 Dungeon Crawl Stone Soup version 0.31-a0-187-gba352fbbf7 (webtiles) character file.

Game seed: 1570501317430267562

44074 ytrimaz the Eclecticist (level 13, -5/82 HPs)
             Began as a Mummy Necromancer on June 23, 2023.
             Was a Priest of Kikubaaqudgha.
             Shot with a bolt by a yaktaur (13 damage)
             ... on level 15 of the Dungeon.
             The game lasted 00:38:46 (18560 turns).

ytrimaz the Eclecticist (Mummy Necromancer)        Turns: 18560, Time: 00:38:47

Health: -5/82      AC:  8    Str: 20    XL:     13   Next: 94%
Magic:  27/33      EV: 15    Int: 23    God:    Kikubaaqudgha [***...]
Gold:   926        SH:  0    Dex: 12    Spells: 16/45 levels left

rFire   x . .        w - staff "Kumm" {rPois Str+4 Int+4 Earth}
rCold   + . .        (no shield)
rNeg    + + +        u - +0 acid dragon scales
rPois   ∞            s - +0 hat "Kucrimem" {*Slow rElec Regen+ Str+4}
rElec   +            (no cloak)
rCorr   +            k - +0 pair of gloves
SInv    .            p - +0 pair of boots
Will    +++..        m - amulet of regeneration
Stlth   +            c - ring of willpower
HPRegen 1.93/turn    x - ring of willpower
MPRegen 0.23/turn

%: slow self (1%), faith
@: no status effects
A: cold resistance 1, negative energy resistance 3, torment resistance 2, heat
vulnerability 1, in touch with death 2, no potions, faith
a: Renounce Religion, Unearth Wretches


You were on level 15 of the Dungeon.
You worshipped Kikubaaqudgha.
Kikubaaqudgha was most pleased with you.
You visited 2 branches of the dungeon, and saw 16 of its levels.
You also visited: Bailey and Gauntlet.

You collected 950 gold pieces.
You spent 24 gold pieces at shops.


Innate Abilities, Weirdness & Mutations

You are immune to poison.
Your flesh is cold resistant. (rC+)
You are immune to negative energy. (rN+++)
You are immune to unholy pain and torment.
You are vulnerable to heat. (rF-)
You are strongly in touch with the powers of death.
You do not drink.
You have a special connection with the divine. (Faith)


   Skills:
 - Level 1.2 Fighting
 * Level 10.7 Dodging
 - Level 1.5 Stealth
 + Level 16.5 Spellcasting
 - Level 15.0 Necromancy
 + Level 2.4 Ice Magic
 - Level 5.0 Earth Magic


You had 16 spell levels left.
You knew the following spells:

 Your Spells              Type           Power      Damage    Failure   Level
a - Borgnjor's Vile Clut  Necr/Erth      60%        N/A       1%          5
b - Vampiric Draining     Necr           100%       2d13      1%          3
c - Animate Dead          Necr           100%       N/A       1%          4
d - Dispel Undead         Necr           100%       3d31      1%          4
e - Death Channel         Necr           57%        N/A       1%          6
f - Simulacrum            Ice/Necr       46%        N/A       16%         6
g - Necrotise             Necr           100%       1d9       0%          1

Your spell library contained the following spells:

 Spells                   Type           Power      Damage    Failure   Level
 Kiss of Death            Conj/Necr      100%       2d13      1%          1
 Sandblast                Erth           100%       2d20      1%          1
 Cigotuvi's Dreadful Rot  Necr/Pois/Air  100%       N/A       1%          2
 Passwall                 Tmut/Erth      37%        N/A       1%          2
 Agony                    Necr           100%       N/A       1%          5
 Magic Dart               Conj           72%        1d6       3%          1
 Stone Arrow              Conj/Erth      90%        3d12      4%          3
 Call Imp                 Summ           36%        N/A       6%          2
 Lesser Beckoning         Tloc           36%        N/A       6%          2
 Poisonous Vapours        Pois/Air       36%        N/A       6%          2
 Scorch                   Fire           36%        2d6       6%          2
 Confusing Touch          Hex            18%        N/A       12%         3
 Dazzling Flash           Conj/Hex       36%        N/A       12%         3
 Gell's Gravitas          Tloc           18%        N/A       12%         3
 Mephitic Cloud           Conj/Pois/Air  18%        N/A       12%         3
 Teleport Other           Tloc           18%        N/A       12%         3
 Vhi's Electric Charge    Tloc/Air       36%        N/A       12%         3
 Volatile Blastmotes      Fire/Tloc      36%        2d13      12%         3
 Cause Fear               Hex            9%         N/A       36%         4
 Flame Wave               Conj/Fire      18%        2d7       36%         4
 Iskenderun's Mystic Bla  Conj/Tloc      18%        2d6       36%         4
 Freezing Cloud           Conj/Ice/Air   11%        6-21      58%         5
 Arcjolt                  Conj/Air       9%         1d19      71%         5
 Starburst                Conj/Fire      9%         6d5       99%         6
 Summon Cactus Giant      Summ           9%         N/A       99%         6
 Maxwell's Capacitive Co  Air            9%         ∞         100%        8
 Dragon's Call            Summ           9%         N/A       100%        9
 Dragon Form              Tmut           Unusable   N/A       N/A         7

Inventory:

Hand Weapons
 f - the +6 long sword of Patterns {elec, Dex+3}
   (You found it on level 4 of the Dungeon)

   Dex:       It affects your dexterity (+3).
Missiles
 j - 2 throwing nets
Armour
 k - a +0 pair of gloves (worn)
   (You found it on level 5 of the Dungeon)
 n - a +0 helmet
   (You found it on level 8 of the Dungeon)
 p - a +0 pair of boots (worn)
   (You found it on level 8 of the Dungeon)
 s - the +0 hat "Kucrimem" (worn) {*Slow rElec Regen+ Str+4}
   (You found it in a Gauntlet)

   Str:       It affects your strength (+4).
   rElec:     It insulates you from electricity.
   Regen:     It increases your rate of health regeneration.
   *Slow:     It may slow you when you take damage.
 u - +0 acid dragon scales (worn)
   (You found it on level 11 of the Dungeon)
Magical Staves
 w - the staff "Kumm" (weapon) {rPois Str+4 Int+4 Earth}
   (You found it in a Gauntlet)

   [staff of earth]

   Base accuracy: +5 Base damage: 5 Base attack delay: 1.2 This weapon's minimum
   attack delay (0.6) is reached at skill level 12.
   Str:       It affects your strength (+4).
   Int:       It affects your intelligence (+4).
   rPois:     It protects you from poison.
   Earth:     It increases the power of your Earth spells.
   It falls into the 'Staves' category.
   It is a one-handed weapon.
Jewellery
 c - a ring of willpower (left hand)
   (You took it off an orc on level 3 of the Dungeon)
 m - an amulet of regeneration (around neck)
   (You took it off an orc wizard on level 5 of the Dungeon)
 x - a ring of willpower (right hand)
   (You found it on level 13 of the Dungeon)
Wands
 d - a wand of flame (44)
   (You found it on level 2 of the Dungeon)
 i - a wand of acid (27)
   (You found it on level 4 of the Dungeon)
 r - a wand of paralysis (22)
   (You found it on level 8 of the Dungeon)
 v - a wand of polymorph (6)
   (You found it in a Gauntlet)
Scrolls
 a - a scroll of vulnerability
 b - 2 scrolls of amnesia
 g - 2 scrolls of revelation
 h - 2 scrolls of torment
 l - 4 scrolls of enchant armour
 o - a scroll of teleportation
 t - a scroll of enchant weapon
 y - a scroll of brand weapon
 z - a scroll of noise {unknown}
Miscellaneous
 e - a sack of spiders
   (You found it on level 9 of the Dungeon)

Dungeon Overview and Level Annotations

Branches:
Dungeon (15/15) Zot: 26121  Temple (1/1) D:4 Zot: 5818    Lair (0/5) D:9
    Orc (0/2) D:12         Vaults (0/5) D:14         Depths (0/4) D:15
 Bailey (visited)         Gauntlet (visited)

Altars:
Ashenzari
Cheibriados
Dithmenos
Fedhas
Gozag
Hepliaklqana
Kikubaaqudgha
Makhleb
Nemelex Xobeh
Okawaru
Qazlal
Ru
Sif Muna
Trog
Uskayaw
Vehumet
Wu Jian
Xom
Yredelemnul

Shops:
D:4 (   D:6 ?   D:10 *   D:14 =   D:15 !

Annotations:
D:5 3 runed translucent doors, Gorgondantess's ghost, novice HuHW
D:7 exclusion: troll

..†..[.# +.....#......#'#....
.......# #...###......#......
.......# #...#........#......
.......####+##...#........)......
.................+........#......
......####.......#........#......
.###### #......§+........#......
.# #.......#..§.§...#...... .#
#......@###§.....#......
#.........)......#......
#..........#.....'......
##+##........).#.....######.
..............#..........#.
#...........c############.
.'...........cc............
.#......)......c...........
'.....)..................#


You could see 4 yaktaurs.


Message History

You take 17 damage, and now have 57/82 hp.
MASSIVE DAMAGE!! (PAUSE)
Casting: Dispel Undead (safe; 1% risk of failure)
Confirm with . or Enter, or press ? or * to list all spells.
You don't know that spell.
Casting: Dispel Undead (safe; 1% risk of failure)
Confirm with . or Enter, or press ? or * to list all spells.
Aiming: Dispel Undead (safe; 1% risk of failure)
Press: ? - help, Shift-Dir - straight line, f/p - centaur warrior zombie
Aim: a centaur warrior zombie (severely damaged, ally target, 100% to hit)
You feel a strong surge of power!
The centaur warrior zombie is dispelled!!!
You destroy the centaur warrior zombie!
Kikubaaqudgha accepts your kill. The centaur warrior zombie misses you.
The centaur warrior zombie kicks you but does no damage. 😮 HP[+2] MP[-4]
You regained 2 hp, and now have 59/82 hp.
You lost 4 mp, and now have 22/33 mp.
Casting: Dispel Undead (safe; 1% risk of failure)
Confirm with . or Enter, or press ? or * to list all spells.
Aiming: Dispel Undead (safe; 1% risk of failure)
Press: ? - help, Shift-Dir - straight line, f - centaur warrior zombie
Aim: a centaur warrior zombie (ally target, 100% to hit)
You feel a strong surge of power!
The centaur warrior zombie is dispelled!!!
The centaur warrior zombie misses you. x2
Your bullfrog zombie hits the centaur warrior zombie but does no damage. 😮 HP[+2] MP[-4]
You regained 2 hp, and now have 61/82 hp.
You lost 4 mp, and now have 18/33 mp.
Casting: Dispel Undead (safe; 1% risk of failure)
Confirm with . or Enter, or press ? or * to list all spells.
Aiming: Dispel Undead (safe; 1% risk of failure)
Press: ? - help, Shift-Dir - straight line, f/p - centaur warrior zombie
Aim: a centaur warrior zombie (heavily damaged, ally target, 100% to hit)
You feel a strong surge of power!
The centaur warrior zombie is dispelled!!
The centaur warrior zombie hits you.
The centaur warrior zombie barely misses you.
Your bullfrog zombie hits the centaur warrior zombie.
Your boggart zombie hits the centaur warrior zombie.
The centaur warrior zombie hits your boggart zombie!
Your boggart zombie is destroyed!
Your bullfrog zombie hits the centaur warrior zombie. 😕 HP[+1] MP[-4]
You lost 4 mp, and now have 14/33 mp.
You hit the centaur warrior zombie. x2
You destroy the centaur warrior zombie!
Kikubaaqudgha accepts your kill. 😕 HP[+2] MP[+1]
You regained 2 hp, and now have 64/82 hp.
Key pressed, stopping explore.
A yaktaur is nearby!
The yaktaur shoots a bolt.
The bolt hits you!!
Unknown command. 😮 HP[-13] MP[+11]
You take 13 damage, and now have 51/82 hp.
You regained 11 mp, and now have 26/33 mp.
A yaktaur comes into view.
The yaktaur shoots a bolt.
The bolt hits you!
* * * LOW HITPOINT WARNING * * *
You hear a shout! 😨 HP[-15]
You take 15 damage, and now have 36/82 hp.
There are monsters nearby!
Unknown command.
The yaktaur wields a +0 arbalest.
The yaktaur shoots a bolt.
The bolt closely misses your bullfrog zombie.
The bolt hits you.
* * * LOW HITPOINT WARNING * * *
The yaktaur shoots a bolt.
The bolt hits you!
* * * LOW HITPOINT WARNING * * *
The yaktaur shoots a bolt.
The bolt hits your bullfrog zombie! The bolt burns your bullfrog zombie.
Your bullfrog zombie is destroyed!
You hear a shout! 😨 HP[-15]
You take 15 damage, and now have 21/82 hp.
The yaktaur shoots a bolt.
The bolt barely misses you. 😨 HP[+2]
You regained 2 hp, and now have 23/82 hp.
As you read the scroll of teleportation, it crumbles to dust.
You feel strangely unstable.
The yaktaur shoots a bolt.
The bolt hits you!
* * * LOW HITPOINT WARNING * * *
The yaktaur shoots a bolt.
The bolt hits you!
* * * LOW HITPOINT WARNING * * *
😱 HP[-19] MP[+1]
You take 19 damage, and now have 4/82 hp.
MASSIVE DAMAGE!! (PAUSE) 😱 HP[+2]
You regained 2 hp, and now have 6/82 hp.
Unknown command.
Your surroundings seem slightly different.
A yaktaur comes into view.
The yaktaur shoots a bolt.
The bolt misses you.
The yaktaur shoots a bolt.
The bolt hits you!
You die...
Kikubaaqudgha rasps: "You have failed me!
Welcome... oblivion!"

Skill      XL: |  1  2  3  4  5  6  7  8  9 10 11 12 13 |
---------------+----------------------------------------+-----
Spellcasting   | 3 4 5 6 8 10 12 13 15 16 | 16.5
Necromancy     | 5 6 7 8 10 12 14 15 | 15.0
Dodging        | 4 8 10 | 10.7
Fighting       | 1 |  1.2
Earth Magic    | 3 5 |  5.0
Ice Magic      | 2 |  2.4
Stealth        | |  1.5

Action                     |  1- 3 |  4- 6 |  7- 9 | 10-12 | 13-15 || total
---------------------------+-------+-------+-------+-------+-------++-------
  Melee: Unarmed           |    11 |     2 |       |       |       ||    13
         Long sword        |       |     8 |    81 |   104 |       ||   193
         Punch             |       |       |     1 |     3 |       ||     4
         Staff             |       |       |       |    29 |    27 ||    56
   Cast: Necrotise         |    57 |    84 |   187 |    21 |       ||   349
         Vampiric Draining |     1 |     4 |    36 |    53 |     4 ||    98
         Death Channel     |       |       |     8 |    13 |     6 ||    27
         Animate Dead      |       |       |     2 |    14 |     5 ||    21
         Dispel Undead     |       |       |       |    26 |    12 ||    38
         Borgnjor's Vile C |       |       |       |    43 |    24 ||    67
         Simulacrum        |       |       |       |     1 |     4 ||     5
 Invoke: Unearth Wretches  |       |       |     2 |     9 |     4 ||    15
  Evoke: Wand              |       |     2 |       |    11 |       ||    13
    Use: Scroll            |     3 |     6 |     2 |     8 |     4 ||    23
   Stab: Distracted        |       |       |     2 |     1 |       ||     3
         Sleeping          |       |       |     1 |       |       ||     1
         Paralysed         |       |       |       |     1 |       ||     1
 Armour: Robe              |     4 |     8 |    54 |    51 |       ||   117
         Acid dragon scale |       |       |       |    23 |    14 ||    37
  Dodge: Dodged            |    20 |    18 |   191 |   203 |    39 ||   471

Levels and vault maps discovered:
D:1:      shiori_arrival_maze, layout_basic
D:2:      layout_basic, uniq_jessica
D:3:      layout_loops_corners, trog_book,
          hellmonk_ecumenical_altar_prayer_group, serial_park_tiny_pond
D:4:      layout_basic, lemuel_crystal_altar, lemuel_crystal_altar,
          minmay_temple_entry_glassed_door, serial_shops, shop, uniq_grinder
D:5:      layout_layer_cave, tso_oasis_becter, gammafunk_ghost_necromancy
D:6:      nicolae_cairo_tiling_large_dashed, layout_basic,
          nicolae_ashenzari_panopticon, xom_teletrap_fun,
          mainiacjoe_overflow_swirl, mainiacjoe_overflow_alcove_2, serial_shops,
          shop, minivault_19, nrook_pool_corridor
D:7:      layout_loops_cross, nicolae_uskayaw_dance_hall,
          mainiacjoe_overflow_small_starburst
D:8:      layout_basic, eino_jars
D:9:      layout_roguey, grunt_dithmenos_smoke, hellmonk_lair_entry_icy,
          enter_bailey_8, onia_ninara_dug_in_and_dangerous
D:10:     layout_loops_ring, mainiacjoe_overflow_six_doors_small,
          chequers_arboretum, nicolae_elemental_shop
D:11:     layout_loops_cross
D:12:     layout_cave_pods, orc_0_dummy, gauntlet_entry_generic
D:13:     layout_irregular_city, uniq_nessos, uniq_rupert
D:14:     layout_long_grid, erik_vaults_2, serial_shops,
          nicolae_shop_just_a_little_nook, uniq_agnes
D:15:     grunt_enter_depths_giant_problem, layout_irregular_city,
          kennysheep_flooded_box, serial_shops, nicolae_shop_getting_attention,
          serial_undead, serial_undead_f, serial_undead_a, serial_undead_a,
          serial_undead_b, serial_undead_b, serial_undead_a, serial_undead_a
Temple:   hellmonk_temple_forest_ring

Notes
Turn   | Place    | Note
-------+----------+-------------------------------------------
     0 | D:1      | ytrimaz the Mummy Necromancer began the quest for the Orb.
     0 | D:1      | Reached XP level 1. HP: 13/13 MP: 4/4
     0 | D:1      | magus.rc [v1.9.6]
   127 | D:1      | Reached skill level 3 in Spellcasting
   147 | D:1      | Reached XP level 2. HP: 10/19 MP: 0/6
  1001 | D:1      | Gained mutation: You are in touch with the powers of death.
                  | [Mummy growth]
  1001 | D:1      | Reached XP level 3. HP: 24/24 MP: 5/7
  1167 | D:1      | Learned a level 3 spell: Vampiric Draining
  1421 | D:2      | You pick up a book of Displacement and begin reading...
  1421 | D:2      | You add the spells Lesser Beckoning, Gell's Gravitas and
                  | Teleport Other to your library.
  1549 | D:2      | Noticed Jessica
  1555 | D:2      | Killed Jessica
  1556 | D:2      | Reached skill level 5 in Necromancy
  1704 | D:2      | Reached XP level 4. HP: 26/30 MP: 5/9
  1908 | D:2      | Reached skill level 4 in Spellcasting
  2392 | D:3      | Found a faded altar of an unknown god.
  2414 | D:3      | Noticed a centaur
  2418 | D:3      | HP: 7/30 [centaur (4)]
  2421 | D:3      | Killed a centaur
  2422 | D:3      | Reached XP level 5. HP: 20/35 MP: 1/11
  2624 | D:3      | Reached skill level 6 in Necromancy
  2661 | D:3      | Reached XP level 6. HP: 23/41 MP: 0/13
  2783 | D:3      | Found a bloodstained altar of Trog.
  2925 | D:3      | Reached skill level 5 in Spellcasting
  3531 | D:4      | Noticed Grinder
  3533 | D:4      | Paralysed by Grinder for 2 turns
  3538 | D:4      | Identified the +6 long sword of Patterns {elec, Dex+3}
  3545 | D:4      | Killed Grinder
  3546 | D:4      | Reached skill level 7 in Necromancy
  3759 | D:4      | Found a shimmering blue altar of Sif Muna.
  3765 | D:4      | Found Kim Zeg's Antique Weapon Shoppe.
  3796 | D:4      | Found a burning altar of Makhleb.
  4127 | D:4      | Found a staircase to the Ecumenical Temple.
  4171 | Temple   | Entered the Ecumenical Temple
  4337 | Temple   | Became a worshipper of Kikubaaqudgha
  4476 | D:4      | You pick up a book of Decay and begin reading...
  4476 | D:4      | You add the spells Cigotuvi's Dreadful Rot, Dispel Undead
                  | and Death Channel to your library.
  4828 | D:4      | Reached XP level 7. HP: 45/46 MP: 15/15
  4833 | D:4      | Learned a level 4 spell: Animate Dead
  4838 | D:4      | Learned a level 4 spell: Dispel Undead
  4920 | D:5      | Entered Level 5 of the Dungeon
  4951 | D:5      | Reached skill level 6 in Spellcasting
  5109 | D:5      | Reached skill level 8 in Necromancy
  5205 | D:5      | Learned a level 6 spell: Death Channel
  5516 | D:5      | Reached XP level 8. HP: 46/52 MP: 12/18
  5532 | D:5      | Reached skill level 7 in Spellcasting
  5815 | D:5      | Found a runed translucent gate.
  5815 | D:5      | Found a runed translucent gate.
  5817 | D:5      | Found a runed translucent gate.
  5825 | D:5      | Noticed Gorgondantess's ghost (novice HuHW)
  6353 | D:6      | Reached skill level 9 in Necromancy
  6623 | D:6      | Found an iron altar of Okawaru.
  6658 | D:6      | Reached * piety under Kikubaaqudgha
  6658 | D:6      | Received a gift from Kikubaaqudgha
  6794 | D:6      | Found Qutouzirewk's Magic Scroll Shoppe.
  6802 | D:6      | Bought a scroll of identify for 24 gold pieces
  6842 | D:6      | Found a shimmering altar of Xom.
  6865 | D:6      | Found a broken altar of Ashenzari.
  6893 | D:6      | Reached skill level 8 in Spellcasting
  6995 | D:6      | You pick up a book of Scorching and begin reading...
  6995 | D:6      | You add the spells Scorch, Flame Wave and Summon Cactus
                  | Giant to your library.
  7006 | D:6      | Reached skill level 10 in Necromancy
  7233 | D:6      | Found a snail-covered altar of Cheibriados.
  7555 | D:7      | Found a basalt altar of Yredelemnul.
  7661 | D:7      | Reached XP level 9. HP: 53/57 MP: 16/21
  7690 | D:7      | Reached skill level 9 in Spellcasting
  7695 | D:7      | Reached skill level 11 in Necromancy
  7811 | D:7      | Found a hide-covered altar of Uskayaw.
  8261 | D:7      | Noticed a troll
  9060 | D:8      | Reached ** piety under Kikubaaqudgha
  9126 | D:8      | You pick up a book of Touch and begin reading...
  9219 | D:8      | Reached skill level 10 in Spellcasting
  9343 | D:8      | Reached skill level 12 in Necromancy
  9349 | D:8      | You pick up a book of Vapours and begin reading...
  9349 | D:8      | You add the spells Poisonous Vapours, Mephitic Cloud and
                  | Freezing Cloud to your library.
  9656 | D:8      | You pick up a book of Minor Magic and begin reading...
  9656 | D:8      | You add the spells Magic Dart and Call Imp to your library.
  9757 | D:9      | Noticed a rime drake
  9775 | D:9      | Killed a rime drake
  9776 | D:9      | Reached XP level 10. HP: 50/63 MP: 1/24
  9794 | D:9      | Found a staircase to the Lair.
  9903 | D:9      | Found a flagged portal.
  9904 | D:9      | Found a shadowy altar of Dithmenos.
  9958 | D:9      | Reached skill level 13 in Necromancy
  9987 | Bailey   | Entered a bailey
 10001 | Bailey   | Reached skill level 11 in Spellcasting
 10017 | Bailey   | HP: 4/63 [human/+1 heavy hand axe (14)]
 10194 | Bailey   | Noticed Prince Ribbit
 10195 | Bailey   | Noticed a vault guard
 10204 | Bailey   | Killed Prince Ribbit
 10222 | Bailey   | HP: 4/63 [vault guard/+0 broad axe (23)]
 10237 | Bailey   | Killed a vault guard
 10332 | Bailey   | Noticed a vault guard
 10386 | D:9      | Reached skill level 14 in Necromancy
 10522 | D:9      | Reached skill level 12 in Spellcasting
 10855 | D:9      | Reached XP level 11. HP: 64/68 MP: 14/27
 11045 | D:9      | Noticed a tengu warrior
 11145 | D:9      | Noticed a boulder beetle
 11196 | D:10     | Entered Level 10 of the Dungeon
 11488 | D:10     | Reached *** piety under Kikubaaqudgha
 11488 | D:10     | You add the spells Borgnjor's Vile Clutch and Simulacrum to
                  | your library.
 11488 | D:10     | Received a gift from Kikubaaqudgha
 11510 | D:10     | Found Besac's Elemental Accessories.
 11661 | D:10     | Found an ornate altar of the Wu Jian Council.
 12223 | D:11     | Noticed a purple ugly thing
 12245 | D:11     | Killed a purple ugly thing
 12447 | D:11     | You pick up a book of Geomancy and begin reading...
 12447 | D:11     | You add the spells Sandblast, Passwall and Stone Arrow to
                  | your library.
 12505 | D:11     | Noticed a two-headed ogre
 12536 | D:11     | Killed a two-headed ogre
 12537 | D:11     | Reached skill level 13 in Spellcasting
 12537 | D:11     | Reached skill level 15 in Necromancy
 12893 | D:11     | Reached skill level 2 in Dodging
 12943 | D:11     | You pick up a book of the Dragon and begin reading...
 12943 | D:11     | You add the spells Cause Fear and Dragon's Call to your
                  | library.
 13010 | D:11     | Reached skill level 1 in Fighting
 13017 | D:11     | Learned a level 5 spell: Borgnjor's Vile Clutch
 13024 | D:11     | Learned a level 6 spell: Simulacrum
 13414 | D:12     | Found a staircase to the Orcish Mines.
 13423 | D:12     | Found a gate leading to a gauntlet.
 13423 | D:12     | Noticed a deep elf pyromancer
 13442 | D:12     | Killed a deep elf pyromancer
 13443 | D:12     | Reached skill level 1 in Earth Magic
 13453 | Gauntlet | Entered a Gauntlet
 13453 | Gauntlet | Noticed a wizard
 13453 | Gauntlet | Found a transporter.
 13453 | Gauntlet | Found a transporter.
 13453 | Gauntlet | Found a transporter.
 13453 | Gauntlet | Found a transporter.
 13560 | Gauntlet | Found a transporter.
 13560 | Gauntlet | Found a transporter.
 13570 | Gauntlet | Found a transporter.
 13574 | Gauntlet | Found a transporter.
 13576 | Gauntlet | Noticed a catoblepas
 13582 | Gauntlet | Found a transporter.
 13582 | Gauntlet | Found a transporter.
 13582 | Gauntlet | Noticed an oklob plant
 13584 | Gauntlet | Found a transporter.
 13589 | Gauntlet | Found a transporter.
 13862 | Gauntlet | Killed a wizard
 13863 | Gauntlet | Reached skill level 3 in Dodging
 13892 | Gauntlet | Reached skill level 2 in Earth Magic
 14131 | Gauntlet | Killed an oklob plant
 14210 | Gauntlet | Reached skill level 4 in Dodging
 14210 | Gauntlet | Reached skill level 3 in Earth Magic
 14255 | Gauntlet | Identified the +0 hat "Kucrimem" {*Slow rElec Regen+ Str+4}
 14280 | Gauntlet | Identified the +7 broad axe of Ipugesar {freeze, rPois
                  | Dex+4}
 14280 | Gauntlet | Noticed a minotaur
 14295 | Gauntlet | HP: 17/70 [minotaur/the +7 broad axe of Ipugesar {freeze,
                  | rPois Dex+4} (26)]
 14299 | Gauntlet | HP: 6/70 [minotaur/the +7 broad axe of Ipugesar {freeze,
                  | rPois Dex+4} (11)]
 14303 | Gauntlet | Killed a minotaur
 14304 | Gauntlet | Reached XP level 12. HP: 17/77 MP: 6/29
 14423 | Gauntlet | Identified the staff "Kumm" {rPois Str+4 Int+4 Earth}
 14566 | D:12     | You add the spells Vhi's Electric Charge, Arcjolt and
                  | Maxwell's Capacitive Coupling to your library.
 14740 | D:12     | Reached skill level 5 in Dodging
 14861 | D:12     | Reached skill level 14 in Spellcasting
 15107 | D:12     | Reached skill level 4 in Earth Magic
 15444 | D:13     | Noticed Rupert
 15453 | D:13     | Killed Rupert
 15582 | D:13     | Reached skill level 6 in Dodging
 15954 | D:13     | Noticed a centaur warrior
 15956 | D:13     | Reached skill level 5 in Earth Magic
 15975 | D:13     | Killed a centaur warrior
 16154 | D:13     | You pick up a book of Spectacle and begin reading...
 16154 | D:13     | You add the spells Volatile Blastmotes, Dazzling Flash,
                  | Iskenderun's Mystic Blast and Starburst to your library.
 16191 | D:13     | Noticed a tengu warrior
 16199 | D:13     | Killed a tengu warrior
 16323 | D:13     | Noticed Nessos
 16334 | D:13     | Killed Nessos
 16335 | D:13     | Reached skill level 7 in Dodging
 16356 | D:13     | Your ally Nessos died
 16614 | D:14     | Noticed Agnes
 16614 | D:14     | Noticed an eight-headed hydra
 16636 | D:14     | Killed an eight-headed hydra
 16645 | D:14     | Killed Agnes
 16648 | D:14     | Reached skill level 15 in Spellcasting
 16650 | D:14     | Reached skill level 8 in Dodging
 16657 | D:14     | Gained mutation: You are strongly in touch with the powers
                  | of death. [Mummy growth]
 16657 | D:14     | Reached XP level 13. HP: 50/82 MP: 1/32
 16666 | D:14     | Your ally Agnes died
 16850 | D:14     | Found Pouproz's Jewellery Emporium.
 17255 | D:14     | Found a gate to the Vaults.
 17265 | D:14     | Reached skill level 9 in Dodging
 17520 | D:14     | Reached skill level 16 in Spellcasting
 17521 | D:14     | Reached **** piety under Kikubaaqudgha
 17694 | D:15     | Entered Level 15 of the Dungeon
 17758 | D:14     | Reached skill level 10 in Dodging
 17896 | D:15     | Found Poloac's Distillery.
 18012 | D:15     | Reached skill level 1 in Ice Magic
 18258 | D:15     | Reached skill level 2 in Ice Magic
 18311 | D:15     | Found a staircase to the Depths.
 18316 | D:15     | Noticed a stone giant
 18558 | D:15     | HP: 12/82 [yaktaur/bolt (13)]
 18558 | D:15     | HP: 4/82 [yaktaur/bolt (8)]
 18560 | D:15     | Shot with a bolt by a yaktaur

Vanquished Creatures
  Agnes (D:14)
  Nessos (D:13)
  2 hydras
  A centaur warrior (D:13)
  7 vault guards
  A two-headed ogre (D:11)
  2 boulder beetles (D:14)
  A tengu warrior (D:13)
  6 skeletal warriors
  A wizard (Gauntlet)
  A deep elf pyromancer (D:12)
  An oklob plant (Gauntlet)
  An ugly thing (D:11)
  2 manticores (D:12)
  2 cyclopes
  4 centaur zombies (D:15)
  2 gargoyles
  A kobold demonologist (D:12)
  A tengu conjurer (D:13)
  An efreet (D:14)
  A troll (D:10)
  Grinder (D:4)
  11 flying skulls (Gauntlet)
  A slime creature (D:12)
  A wyvern (D:7)
  2 shadows
  5 wraiths
  3 vampires
  2 basilisks
  A steam dragon (D:6)
  9 vampire mosquitoes
  3 humans (Bailey)
  3 acid dragons
  2 water moccasins
  An ice beast (D:7)
  A meliai simulacrum (D:15)
  4 orc warriors
  3 black bears
  2 sky beasts
  An ogre (D:6)
  A wolf (D:9)
  A phantom (D:4)
  11 centaurs
  3 kobold brigands
  7 bullfrogs
  3 gnoll sergeants
  3 scorpions
  8 wights
  17 killer bees
  6 howler monkeys
  3 hounds (D:5)
  3 orc priests
  Jessica (D:2)
  4 iguanas
  9 orc wizards
  12 gnolls
  4 adders
  2 shadow imps
  2 worms
  2 dart slugs
  28 orcs
  10 endoplasms
  3 giant cockroaches
  2 goblins
  6 hobgoblins
  5 quokkas
  9 ball pythons
  7 bats
  4 frilled lizards
  11 kobolds
  3 rats
286 creatures vanquished.

Vanquished Creatures (collateral kills)
  Rupert (D:13)
  A minotaur (Gauntlet)
  An entropy weaver (shapeshifter) (D:14)
  2 vault guards (D:14)
  2 centaur warriors (D:14)
  4 skeletal warriors (D:14)
  A deep elf pyromancer (D:12)
  A wolf spider zombie (D:15)
  An ugly thing (D:13)
  A rime drake (D:9)
  A redback zombie (D:15)
  2 tengu conjurers (D:15)
  A troll (D:9)
  Prince Ribbit (Bailey)
  A meliai zombie (D:15)
  4 slime creatures
  A vampire (D:12)
  2 wraiths (D:15)
  A wyvern (D:7)
  5 vampire mosquitoes
  A basilisk (D:13)
  5 ice beasts (D:9)
  A wolf (D:9)
  5 bullfrogs (Bailey)
  6 killer bees
  An orc wizard (D:8)
  3 gnolls (D:6)
  5 orcs
  An endoplasm (D:1)
  2 goblins
  7 kobolds
71 creatures vanquished.

Vanquished Creatures (others)
  An eleionoma (Gauntlet)
  An entropy weaver (Gauntlet)
  A yaktaur captain (D:15)
  2 hydras
  2 centaur warriors (D:12)
  A spriggan zombie (D:14)
  A wolf spider zombie (D:14)
  An eleionoma zombie (Gauntlet)
  An ugly thing zombie (D:11)
  A deep elf pyromancer (D:13)
  A wolf spider (D:14)
  4 cyclopes
  2 manticores
  4 centaur zombies
  A rime drake (shapeshifter) (D:13)
  A redback zombie (Gauntlet)
  A kobold demonologist (D:9)
  A meliai (D:9)
  A hydra zombie (D:13)
  2 slime creatures
  2 wyverns
  A redback (Gauntlet)
  A water moccasin (D:12)
  An entropy weaver zombie (Gauntlet)
  A manticore zombie (D:13)
  An elf zombie (D:13)
  An ogre (D:12)
  An orc warrior (Bailey)
  A sky beast (D:15)
  A boggart (D:15)
  A kobold brigand (D:12)
  A bullfrog (D:15)
  A wyvern zombie (D:13)
  A bullfrog zombie (D:15)
  6 human zombies
  A boggart zombie (D:15)
  6 killer bee zombies
  A sky beast zombie (D:15)
  2 gnolls (Bailey)
  4 orc zombies
  An orc (Bailey)
  4 gnoll zombies
  A kobold (D:12)
  A ball python (D:12)
  2 bats
  A goblin zombie (Bailey)
75 creatures vanquished.

Grand Total: 432 creatures vanquished

Table legend:
 A = Non-vault XP
 B = Vault XP
 C = Vault XP percentage of total XP
 D = Non-vault monster count
 E = Vault monster count
 F = Vault count percentage of total count
                 A         B        C        D         E       F
            +---------+---------+-------+---------+---------+-------
      Total |   33972 |   28992 |  46.0 |     272 |      83 |  23.4
            +---------+---------+-------+---------+---------+-------
        D:1 |      41 |       2 |   4.7 |      23 |       2 |   8.0
        D:2 |      65 |      37 |  36.3 |      18 |       1 |   5.3
        D:3 |     263 |       1 |   0.4 |      21 |       1 |   4.5
        D:4 |     139 |     267 |  65.8 |      12 |       1 |   7.7
        D:5 |     768 |       0 |   0.0 |      20 |       0 |   0.0
        D:6 |    1201 |       0 |   0.0 |      24 |       0 |   0.0
        D:7 |    1157 |       0 |   0.0 |      12 |       0 |   0.0
        D:8 |    1026 |     493 |  32.5 |      27 |       8 |  22.9
        D:9 |    1839 |    1297 |  41.4 |      20 |       8 |  28.6
       D:10 |    1895 |       0 |   0.0 |      20 |       0 |   0.0
       D:11 |    3393 |       0 |   0.0 |      21 |       0 |   0.0
       D:12 |    4885 |       0 |   0.0 |      15 |       0 |   0.0
       D:13 |    4787 |    2928 |  38.0 |      16 |       2 |  11.1
       D:14 |   10630 |    8442 |  44.3 |      18 |       9 |  33.3
       D:15 |    1883 |    7935 |  80.8 |       5 |      17 |  77.3
     Bailey |       0 |    2606 | 100.0 |       0 |      17 | 100.0
   Gauntlet |       0 |    4984 | 100.0 |       0 |      17 | 100.0
            +---------+---------+-------+---------+---------+-------

Skill      XL: |  1  2  3  4  5  6  7  8  9 10 11 12 13 |
---------------+----------------------------------------+-----
Spellcasting   | 3 4 5 6 8 10 12 13 15 16 | 16.5
Necromancy     | 5 6 7 8 10 12 14 15 | 15.0
Dodging        | 4 8 10 | 10.7
Fighting       | 1 |  1.2
Earth Magic    | 3 5 |  5.0
Ice Magic      | 2 |  2.4
Stealth        | |  1.5

Action                     |  1- 3 |  4- 6 |  7- 9 | 10-12 | 13-15 || total
---------------------------+-------+-------+-------+-------+-------++-------
  Melee: Unarmed           |    11 |     2 |       |       |       ||    13
         Long sword        |       |     8 |    81 |   104 |       ||   193
         Punch             |       |       |     1 |     3 |       ||     4
         Staff             |       |       |       |    29 |    27 ||    56
   Cast: Necrotise         |    57 |    84 |   187 |    21 |       ||   349
         Vampiric Draining |     1 |     4 |    36 |    53 |     4 ||    98
         Death Channel     |       |       |     8 |    13 |     6 ||    27
         Animate Dead      |       |       |     2 |    14 |     5 ||    21
         Dispel Undead     |       |       |       |    26 |    12 ||    38
         Borgnjor's Vile C |       |       |       |    43 |    24 ||    67
         Simulacrum        |       |       |       |     1 |     4 ||     5
 Invoke: Unearth Wretches  |       |       |     2 |     9 |     4 ||    15
  Evoke: Wand              |       |     2 |       |    11 |       ||    13
    Use: Scroll            |     3 |     6 |     2 |     8 |     4 ||    23
   Stab: Distracted        |       |       |     2 |     1 |       ||     3
         Sleeping          |       |       |     1 |       |       ||     1
         Paralysed         |       |       |       |     1 |       ||     1
 Armour: Robe              |     4 |     8 |    54 |    51 |       ||   117
         Acid dragon scale |       |       |       |    23 |    14 ||    37
  Dodge: Dodged            |    20 |    18 |   191 |   203 |    39 ||   471

Illustrated notes

Table legend:
 A = Kills in this place as a percentage of kills in the entire game.
 B = Kills by you in this place as a percentage of kills by you in the entire game.
 C = Kills by friends in this place as a percentage of kills by friends in the entire game.
 D = Other kills in this place as a percentage of other kills in the entire game.
 E = Experience gained in this place as a percentage of experience gained in the entire game.
 F = Experience gained in this place divided by the number of levels of this place that you have seen.
                   A       B       C       D       E      F
               +-------+-------+-------+-------+-------+----------------------
         Total | 100.0 | 100.0 | 100.0 |   N/A | 100.0 | 3498.0
       Dungeon |  90.4 |  90.8 |  88.7 |   N/A |  87.9 | 3691.6
        Bailey |   4.8 |   3.5 |   9.9 |   N/A |   4.1 | 2606.0
      Gauntlet |   4.8 |   5.6 |   1.4 |   N/A |   7.9 | 4984.0
               +-------+-------+-------+-------+-------+----------------------

Table legend: (Time is in decaauts)
 A = Elapsed time spent in this place.
 B = Non-inter-level travel time spent in this place.
 C = Inter-level travel time spent in this place.
 D = Time resting spent in this place.
 E = Time spent auto-exploring this place.
 F = Levels seen in this place.
 G = Mean time per level.
                   A        B        C        D        E       F      G
               +--------+--------+--------+--------+--------+-----+--------+
         Total |  18670 |  18236 |    434 |    607 |  14451 |  18 | 1037.2 |
       Dungeon |  17004 |  16602 |    402 |    180 |  13907 |  15 | 1133.6 |
        Temple |    181 |    149 |     32 |      0 |    136 |   1 |  181.0 |
        Bailey |    375 |    375 |      0 |     96 |     76 |   1 |  375.0 |
      Gauntlet |   1108 |   1108 |      0 |    331 |    331 |   1 | 1108.0 |
               +--------+--------+--------+--------+--------+-----+--------+

Top non-repeatable levels by time:
     D:5: 1436 daAuts
     D:8: 1387 daAuts
     D:1: 1260 daAuts
    D:14: 1238 daAuts
     D:3: 1215 daAuts
     D:4: 1211 daAuts
    D:13: 1181 daAuts
     D:6: 1176 daAuts
    D:12: 1130 daAuts
Gauntlet: 1108 daAuts
     D:9: 1100 daAuts
     D:2: 1054 daAuts
    D:10: 1028 daAuts
    D:11: 1016 daAuts
     D:7: 856 daAuts
